 Dungeon Crawl Stone Soup version 0.26.1-11-gd32895ea62 (webtiles) character file.

Game seed: 3548953108019948071

1725 GenialerGandalf the Cleaver (level 9, -9/75 HPs)
             Began as a Hill Orc Fighter on Apr 23, 2021.
             Was a Believer of Beogh.
             Killed from afar by Maggie (22 damage)
             ... with a bolt of fire
             ... on level 7 of the Dungeon on Apr 26, 2021.
             The game lasted 00:29:40 (7996 turns).

GenialerGandalf the Cleaver (Hill Orc Fighter)      Turns: 7996, Time: 00:29:41

Health: -9/75      AC: 15    Str: 22    XL:     9   Next: 4%
Magic:  9/9        EV:  5    Int:  8    God:    Beogh [**....]
Gold:   359        SH: 10    Dex: 10    Spells: 8/8 levels left

rFire    . . .     SeeInvis .   a - +0 war axe
rCold    . . .     Faith    .   c - +0 kite shield
rNeg     + . .     Spirit   .   i - +0 plate armour
rPois    .         Reflect  .   (no helmet)
rElec    .         Harm     .   (no cloak)
rCorr    .         Rampage  .   h - +0 pair of gloves
Will     .....                  C - +0 pair of boots
Stlth    ..........             (no amulet)
HPRegen  0.22/turn              k - ring of positive energy
MPRegen  0.11/turn              (no ring)

@: marked, mesmerised
A: no striking features
a: Renounce Religion, Smiting


You were on level 7 of the Dungeon.
You worshipped Beogh.
Beogh was pleased with you.
You visited 1 branch of the dungeon, and saw 7 of its levels.

You collected 359 gold pieces.

Inventory:

Hand Weapons
 a - a +0 war axe (weapon)
Armour
 b - a +0 scale mail
 c - a +0 kite shield (worn)
 h - a +0 pair of gloves (worn)
 i - a +0 plate armour (worn)
 C - a +0 pair of boots (worn)
Jewellery
 k - a ring of positive energy (left hand)
 q - an uncursed ring of positive energy
Wands
 u - a wand of random effects (15)
 E - a wand of digging (7)
Scrolls
 e - a scroll of magic mapping
 g - a scroll of fog {unknown}
 j - a scroll of fear {unknown}
 m - 3 scrolls of blinking
 o - a scroll of amnesia {unknown}
 s - 2 scrolls of remove curse
 w - a scroll of enchant armour {unknown}
 x - a scroll of immolation {unknown}
 D - a scroll of torment {unknown}
 F - a scroll of identify
 G - a scroll of noise {unknown}
Potions
 d - 2 potions of might
 f - 4 potions of haste
 l - 2 potions of attraction
 n - 2 potions of resistance
 p - a potion of invisibility {unknown}
 r - 3 potions of degeneration {unknown}
 t - 2 potions of brilliance {unknown}
 v - 2 potions of curing {unknown}
 z - a potion of magic {unknown}
 A - a potion of heal wounds {unknown}
 B - a potion of flight {unknown}


   Skills:
 + Level 6.3 Fighting
 + Level 10.3 Axes
 + Level 6.4 Armour
 + Level 0.1 Dodging
 + Level 6.2 Shields


You had 8 spell levels left.
You didn't know any spells.
Your spell library was empty.

Dungeon Overview and Level Annotations

Branches:
Dungeon (7/15)             Temple (0/1) D:6

Altars:
Ashenzari
Dithmenos
Elyvilon
Fedhas
Kikubaaqudgha
Nemelex Xobeh
Sif Muna
Xom
Yredelemnul

Annotations:
D:7 Joseph, Maggie


Message History

* * * LOW HITPOINT WARNING * * *
Maggie hits you but does no damage. The hound bites you.
* * * LOW HITPOINT WARNING * * *
You hit Maggie.
Maggie is heavily wounded.
You hit the hound. You block the hound's attack.
Joseph shoots a sling bullet.
You block the sling bullet.
Maggie mumbles some strange words.
Maggie draws you further into her thrall.
You hit Maggie.
Maggie is heavily wounded.
You barely miss the hound. You slash the rat!
You kill the rat!
Beogh accepts your kill.
You can now smite your foes.
The hound bites you but does no damage.
A hound comes into view.
A worm comes into view.
You block the hound's attack. Maggie casts a spell at you.
The bolt of fire hits you!!
You die...

.........#####
######.....# #.#
####..##.# #(#
#.....##.# #.#
##<...@#.#####.####.
#...#......!.S......
#..###.....((#.#
##.###.w..Y#rh.##
#.#...h...o@F@.#
#.#.+########@..#
.... .#..# #.. +.
.... #.. #. ......
.. #. ...##.. #.
.... . #. ..#..


You could see Joseph, Maggie (mesmerising), an ice beast, a bullfrog, a worm, 2
hounds, an orc wizard, an adder and a quokka.

Vanquished Creatures
  Duvessa (D:7)
  An ice beast (D:7)
  2 orc warriors (D:7)
  A sky beast (D:5)
  A necrophage (D:7)
  An ogre (D:5)
  2 centaurs
  A bullfrog (D:6)
  Dowan (D:7)
  A wyvern skeleton (D:6)
  A scorpion (D:7)
  A water moccasin skeleton (D:6)
  2 jellies (D:7)
  2 hounds
  2 orc wizards
  An iguana (D:6)
  Natasha (thrice) (D:3)
  2 worker ants
  A killer bee zombie (D:6)
  2 hound skeletons
  4 gnolls (D:4)
  9 adders
  A howler monkey skeleton (D:7)
  2 shadow imps
  A white imp (D:7)
  2 ufetubi
  An ooze (D:2)
  2 adder skeletons
  2 worms (D:4)
  4 dart slugs
  A leopard gecko (D:4)
  13 orcs
  3 ball pythons
  A bat skeleton (D:4)
  4 bat zombies (D:4)
  5 giant cockroaches
  8 goblins
  7 hobgoblins
  4 quokkas
  8 bats
  5 frilled lizards
  8 kobolds
  A leopard gecko skeleton (D:4)
  A quokka skeleton (D:4)
  12 rats
138 creatures vanquished.

Vanquished Creatures (others)
  An orc priest (D:4)
  An orc (D:4)
  A plant (D:1)
3 creatures vanquished.

Grand Total: 141 creatures vanquished

Notes
Turn   | Place    | Note
-------+----------+-------------------------------------------
     0 | D:1      | GenialerGandalf the Hill Orc Fighter began the quest for
                  | the Orb.
     0 | D:1      | Reached XP level 1. HP: 19/19 MP: 1/1
   122 | D:1      | Reached XP level 2. HP: 25/27 MP: 2/2
   206 | D:1      | Reached skill level 3 in Axes
   612 | D:1      | Reached XP level 3. HP: 33/33 MP: 3/3
  1088 | D:2      | Found a broken altar of Ashenzari.
  1586 | D:2      | Reached XP level 4. HP: 38/40 MP: 4/4
  1631 | D:2      | Reached skill level 4 in Axes
  2542 | D:3      | Found a sparkling altar of Nemelex Xobeh.
  2561 | D:3      | Found a white marble altar of Elyvilon.
  2635 | D:3      | Noticed Natasha
  3075 | D:3      | Reached skill level 5 in Axes
  3075 | D:3      | Reached XP level 5. HP: 44/46 MP: 5/5
  3347 | D:3      | Killed Natasha
  3665 | D:3      | Noticed Natasha
  3676 | D:3      | Killed Natasha
  3713 | D:3      | Noticed Natasha
  3723 | D:3      | Killed Natasha
  3814 | D:4      | Reached XP level 6. HP: 52/52 MP: 6/6
  3872 | D:4      | Became a worshipper of Beogh the Brigand
  3989 | D:4      | Found a shadowy altar of Dithmenos.
  4274 | D:4      | Found an ancient bone altar of Kikubaaqudgha.
  4601 | D:5      | Entered Level 5 of the Dungeon
  4650 | D:4      | Reached skill level 6 in Axes
  4925 | D:4      | Reached skill level 5 in Armour
  5126 | D:5      | Reached * piety under Beogh
  5337 | D:5      | Noticed a sky beast
  5366 | D:5      | Killed a sky beast
  5367 | D:5      | Reached XP level 7. HP: 18/60 MP: 7/7
  5985 | D:6      | Reached skill level 5 in Fighting
  5985 | D:6      | Reached skill level 7 in Axes
  6122 | D:6      | Found a staircase to the Ecumenical Temple.
  6135 | D:6      | Found a basalt altar of Yredelemnul.
  6359 | D:6      | Found a shimmering blue altar of Sif Muna.
  7015 | D:6      | Reached skill level 8 in Axes
  7015 | D:6      | Reached skill level 5 in Shields
  7015 | D:6      | Reached XP level 8. HP: 64/68 MP: 8/8
  7166 | D:6      | Found a shimmering altar of Xom.
  7450 | D:7      | Found a blossoming altar of Fedhas.
  7465 | D:7      | Reached skill level 9 in Axes
  7882 | D:7      | Noticed Dowan
  7883 | D:7      | Noticed Duvessa
  7894 | D:7      | Killed Duvessa
  7898 | D:7      | Killed Dowan
  7899 | D:7      | Reached skill level 10 in Axes
  7981 | D:7      | Noticed Joseph
  7983 | D:7      | Noticed Maggie
  7988 | D:7      | Reached XP level 9. HP: 42/75 MP: 9/9
  7996 | D:7      | Reached ** piety under Beogh
  7996 | D:7      | Killed from afar by Maggie

Illustrated notes

Levels and vault maps discovered:
D:1:      lightli_arrival_statuegarden, layout_basic
D:2:      layout_loops_corners, nicolae_ashenzari_panopticon
D:3:      layout_loops_ring, elyvilon_altar_5, lemuel_round_altar, uniq_natasha
D:4:      layout_loops_ring, kennysheep_vampire_church,
          nicolae_overflow_crystal_walls
D:5:      layout_basic
D:6:      layout_loops_corners, kennysheep_little_box, kennysheep_mini,
          lemuel_doored_altar, minmay_temple_entry_mist, kennysheep_minor_cross
D:7:      layout_rooms, overflow_temple_1_default, tgw_trog, minivault_11,
          kennysheep_generic_room_6, uniq_duvessa, uniq_joseph, uniq_maggie

Skill      XL: |  1  2  3  4  5  6  7  8 |
---------------+-------------------------+-----
Axes           | 3 5 6 8 10 | 10.3
Armour         | 4 5 6 |  6.4
Fighting       | 4 5 6 |  6.3
Shields        | 4 5 6 |  6.2
Dodging        | |  0.1

Action                   |  1- 3 |  4- 6 |  7- 9 || total
-------------------------+-------+-------+-------++-------
Melee: War axe           |   111 |   220 |   196 ||   527
Invok: Convert to Beogh  |       |     1 |       ||     1
  Use: Scroll            |       |     7 |     2 ||     9
Armor: Scale mail        |    32 |       |       ||    32
       Plate armour      |    52 |   193 |   130 ||   375
Dodge: Dodged            |    40 |    37 |    34 ||   111
Block: Kite shield       |    64 |   117 |   119 ||   300
